 Dungeon Crawl Stone Soup version 0.28-a0-1506-g3893175d92 (webtiles) character file.

Game seed: 8613524403553066801

154 oldriver the Ducker (level 5, -2/43 HPs)
             Began as a Gnoll Gladiator on Jan 14, 2022.
             Slain by an iguana (7 damage)
             ... on level 3 of the Dungeon.
             The game lasted 00:02:55 (2725 turns).

oldriver the Ducker (Gnoll Gladiator)               Turns: 2725, Time: 00:02:56

Health: -2/43      AC:  4    Str: 15    XL:     5   Next: 35%
Magic:  7/7        EV: 14    Int:  7    God:
Gold:   136        SH:  0    Dex: 14    Spells: 6/6 levels left

rFire   . . .      SeeInvis +   a - +1 long sword
rCold   . . .      Faith    .   (no shield)
rNeg    . . .      Spirit   .   b - +0 leather armour
rPois   +          Reflect  .   c - +0 helmet
rElec   .          Harm     .   (no cloak)
rCorr   .          Rampage  .   (no gloves)
Will    .....                   (no boots)
Stlth   ++........              (no amulet)
HPRegen 0.14/turn               j - ring of poison resistance
MPRegen 0.10/turn               (no ring)

@: no status effects
A: fangs 1, strong nose, distributed training, see invisible
a: no special abilities


You were on level 3 of the Dungeon.
You visited 1 branch of the dungeon, and saw 4 of its levels.

You collected 136 gold pieces.

Inventory:

Hand Weapons
 a - a +1 long sword (weapon)
Missiles
 d - 2 throwing nets (quivered)
Armour
 b - a +0 leather armour (worn)
 c - a +0 helmet (worn)
Jewellery
 j - a ring of poison resistance (left hand)
 o - the ring "Samelitu" {Fire *Slow Str+8 Dex+2}
   (You found it on level 2 of the Dungeon)

   [ring of fire]

   It enhances your fire magic.
   Str:       It affects your strength (+8).
   Dex:       It affects your dexterity (+2).
   rF:        It protects you from fire.
   rC:        It makes you vulnerable to cold.
   *Slow:     It may slow you when you take damage.
Scrolls
 f - a scroll of fear
 g - a scroll of teleportation
 h - 2 scrolls of identify
 l - a scroll of amnesia {unknown}
Potions
 e - a potion of berserk rage
 i - 2 potions of might {unknown}
 k - a potion of curing
 n - 3 potions of haste


   Skills:
 + Level 4.8 Fighting
 + Level 1.4 Short Blades
 + Level 6.7 Long Blades
 + Level 1.4 Axes
 + Level 1.4 Maces & Flails
 + Level 1.4 Polearms
 + Level 1.4 Staves
 + Level 1.4 Slings
 + Level 1.4 Bows
 + Level 1.4 Crossbows
 + Level 4.8 Throwing
 + Level 1.4 Armour
 + Level 6.7 Dodging
 + Level 1.4 Stealth
 + Level 1.4 Shields
 + Level 1.4 Unarmed Combat
 + Level 1.4 Spellcasting
 + Level 1.1 Conjurations
 + Level 1.1 Hexes
 + Level 1.1 Summonings
 + Level 1.1 Necromancy
 + Level 1.1 Translocations
 + Level 1.1 Transmutations
 + Level 1.1 Fire Magic
 + Level 1.1 Ice Magic
 + Level 1.1 Air Magic
 + Level 1.1 Earth Magic
 + Level 1.1 Poison Magic
 + Level 1.6 Invocations
 + Level 1.4 Evocations


You had 6 spell levels left.
You didn't know any spells.
Your spell library was empty.

Dungeon Overview and Level Annotations

Branches:
Dungeon (4/15)
 Temple: D:4-7

Altars:

Annotations:
D:4 Blork the orc, Sigmund


Innate Abilities, Weirdness & Mutations

You have very sharp teeth.
Your uncanny sense of smell can sniff out nearby items.
Your experience applies equally to all skills.
You have supernaturally acute eyesight. (SInv)


Message History

The iguana is moderately wounded.
The iguana barely misses you.
You closely miss the iguana.
The iguana is moderately wounded.
The iguana bites you.
Sigmund points at you and mumbles some strange words.
You resist with some effort.
You hit the iguana.
The iguana is heavily wounded.
The iguana barely misses you.
Sigmund mumbles some strange words.
Sigmund flickers and vanishes for a moment.
There is a stone staircase leading up here.
The iguana barely misses you.
Sigmund hits you from afar with a +0 scythe.
You climb upwards.
There is a stone staircase leading down here.
You closely miss the iguana.
The iguana is heavily wounded.
The iguana barely misses you.
You hit the iguana. You bite the iguana, but do no damage.
The iguana is heavily wounded.
The iguana bites you! The iguana bites you.
You completely miss the iguana.
The iguana is heavily wounded.
The iguana misses you.
You hit the iguana.
The iguana is severely wounded.
The iguana misses you.
You barely miss the iguana.
The iguana is severely wounded.
The iguana barely misses you.
You hit the iguana but do no damage. Your bite misses the iguana.
The iguana is severely wounded.
The iguana bites you!
* * * LOW HITPOINT WARNING * * *
You barely miss the iguana.
The iguana is severely wounded.
The iguana bites you!
You die...

#...###.........................
##..............#.....#######.##.
.......###########..............^
##........#######....###....#.#..
#...####......##...## #........#
##### ##......#..## #........#
#.........# #........#
#.....#l### #........# #..(...@#
#......... #.....### #........#
#.....# #........# #.....#
#....†...# #.....# #........#
####### ##########


You could see an iguana.

Vanquished Creatures
  A scorpion (D:4)
  A hound skeleton (D:4)
  An adder (D:4)
  An ufetubus (D:3)
  2 worms
  A dart slug (D:3)
  4 orcs (D:3)
  7 bats
  5 endoplasms
  4 giant cockroaches
  4 goblins
  3 hobgoblins
  4 jackals (D:2)
  A kobold (D:3)
  3 quokkas
  5 ball pythons (D:2)
  3 frilled lizards
  6 rats
56 creatures vanquished.

Notes
Turn   | Place    | Note
-------+----------+-------------------------------------------
     0 | D:1      | oldriver the Gnoll Gladiator began the quest for the Orb.
     0 | D:1      | Reached XP level 1. HP: 20/20 MP: 1/1
   417 | D:1      | Reached XP level 2. HP: 15/26 MP: 2/2
  1298 | D:2      | Reached XP level 3. HP: 31/31 MP: 3/3
  1716 | D:3      | Reached skill level 1 in Invocations
  1765 | D:3      | Reached skill level 1 in Short Blades
  1765 | D:3      | Reached skill level 1 in Axes
  1765 | D:3      | Reached skill level 1 in Maces & Flails
  1765 | D:3      | Reached skill level 1 in Polearms
  1765 | D:3      | Reached skill level 1 in Staves
  1765 | D:3      | Reached skill level 1 in Slings
  1765 | D:3      | Reached skill level 1 in Bows
  1765 | D:3      | Reached skill level 1 in Crossbows
  1765 | D:3      | Reached skill level 1 in Armour
  1765 | D:3      | Reached skill level 1 in Stealth
  1765 | D:3      | Reached skill level 1 in Shields
  1765 | D:3      | Reached skill level 1 in Unarmed Combat
  1765 | D:3      | Reached skill level 1 in Spellcasting
  1765 | D:3      | Reached skill level 1 in Evocations
  1877 | D:3      | Found a faded altar of an unknown god.
  1995 | D:2      | Reached XP level 4. HP: 36/38 MP: 5/5
  1998 | D:2      | Identified the ring "Samelitu" {Fire *Slow Str+8 Dex+2}
  2341 | D:4      | Noticed Sigmund
  2348 | D:4      | Gained mutation: You have supernaturally acute eyesight.
                  | (SInv) [potion of mutation]
  2589 | D:4      | Noticed Blork the orc
  2606 | D:4      | Reached skill level 1 in Conjurations
  2606 | D:4      | Reached skill level 1 in Hexes
  2606 | D:4      | Reached skill level 1 in Summonings
  2606 | D:4      | Reached skill level 1 in Necromancy
  2606 | D:4      | Reached skill level 1 in Translocations
  2606 | D:4      | Reached skill level 1 in Transmutations
  2606 | D:4      | Reached skill level 1 in Fire Magic
  2606 | D:4      | Reached skill level 1 in Ice Magic
  2606 | D:4      | Reached skill level 1 in Air Magic
  2606 | D:4      | Reached skill level 1 in Earth Magic
  2606 | D:4      | Reached skill level 1 in Poison Magic
  2686 | D:4      | Noticed a scorpion
  2704 | D:4      | Killed a scorpion
  2705 | D:4      | Reached XP level 5. HP: 40/43 MP: 5/7
  2725 | D:3      | Slain by an iguana

Illustrated notes

Levels and vault maps discovered:
D:1:      minmay_arrival_stair_chambers, layout_loops_ring, minmay_misc_feat_iff
D:2:      kb_forest_paths, layout_loops_ring, dk_vineyard_3
D:3:      layout_rooms, hellmonk_ecumenical_altar_arch_garden
D:4:      layout_basic, mainiacjoe_overflow_tiny_flanked,
          minmay_temple_entry_proselytizer, ebering_dispersal_statue_hall,
          uniq_blork_the_orc, uniq_sigmund

Skill      XL: |  1  2  3  4 |
---------------+-------------+-----
Invocations    | 1 |  1.6
Short Blades   | 1 |  1.4
Axes           | 1 |  1.4
Maces & Flails | 1 |  1.4
Polearms       | 1 |  1.4
Staves         | 1 |  1.4
Slings         | 1 |  1.4
Bows           | 1 |  1.4
Crossbows      | 1 |  1.4
Armour         | 1 |  1.4
Stealth        | 1 |  1.4
Shields        | 1 |  1.4
Unarmed Combat | 1 |  1.4
Spellcasting   | 1 |  1.4
Evocations     | 1 |  1.4
Conjurations   | 1 |  1.1
Hexes          | 1 |  1.1
Summonings     | 1 |  1.1
Necromancy     | 1 |  1.1
Translocations | 1 |  1.1
Transmutations | 1 |  1.1
Fire Magic     | 1 |  1.1
Ice Magic      | 1 |  1.1
Air Magic      | 1 |  1.1
Earth Magic    | 1 |  1.1
Poison Magic   | 1 |  1.1
Fighting       | |  4.8
Long Blades    | |  6.7
Throwing       | |  4.8
Dodging        | |  6.7

Action                   |  1- 3 |  4- 6 || total
-------------------------+-------+-------++-------
Melee: Long sword        |   113 |    44 ||   157
       Bite              |     7 |     8 ||    15
Throw: Throwing net      |       |     1 ||     1
  Use: Scroll            |       |     5 ||     5
       Potion            |       |     3 ||     3
 Stab: Sleeping          |     2 |       ||     2
Armor: Leather armour    |    41 |    12 ||    53
Dodge: Dodged            |   105 |    36 ||   141

Table legend: (Time is in decaauts)
 A = Elapsed time spent in this place.
 B = Non-inter-level travel time spent in this place.
 C = Inter-level travel time spent in this place.
 D = Time resting spent in this place.
 E = Time spent auto-exploring this place.
 F = Levels seen in this place.
 G = Mean time per level.
                   A        B        C        D        E       F      G
               +--------+--------+--------+--------+--------+-----+--------+
         Total |   2722 |   2527 |    195 |    108 |   1895 |   4 |  680.5 |
       Dungeon |   2722 |   2527 |    195 |    108 |   1895 |   4 |  680.5 |
               +--------+--------+--------+--------+--------+-----+--------+

Top non-repeatable levels by time:
     D:2: 988 daAuts
     D:1: 874 daAuts
     D:3: 642 daAuts
     D:4: 216 daAuts
